 Dungeon Sprint DCSS version 0.20.0-15-g7f486f2 (webtiles) character file.

20913 Groucho the Ninja (level 12, 44/63 HPs)
             Began as a Felid Berserker on June 15, 2017.
             Was a High Priest of Trog (penitent).
             Got out of the dungeon alive.
             The game lasted 00:15:42 (4302 turns).

Groucho the Ninja (Felid Berserker)                 Turns: 4302, Time: 00:15:42

Health: 44/63      AC:  3    Str: 13    XL:     12   Next: 49%
Magic:  11/11      EV: 34    Int: 12    God:    Trog [*]
Gold:   1138       SH:  0    Dex: 21    Spells: 9/11 levels left
                                        Lives:  2   Deaths: 1

rFire    + . .     SeeInvis +     - Unarmed
rCold    + . .     Gourm    .   (shield unavailable)
rNeg     . . .     Faith    .   (armour unavailable)
rPois    .         Spirit   .   (helmet unavailable)
rElec    .         Reflect  .   (cloak unavailable)
rCorr    .         Harm     .   (gloves unavailable)
MR       +....     NoTele   +   (boots unavailable)
Stlth    +++++++++.             (no amulet)
Regen    0.2/turn               m - ring of protection from fire
MPRegen  0.2/turn               l - ring of flight

@: quick
A: no armour, no weapons or thrown items, stealth, claws 1, fangs 3, see
invisible, agile 1, carnivore 3, clever 1, speed 1, low mp 1, shaggy fur 3, slow
metabolism 1, evolution 1, sharp paws
a: Burn Spellbooks, Renounce Religion, Evoke Flight


You escaped.
You worshipped Trog.
Trog was demanding penance.
You were full.

You visited 1 branch You collected 3366 gold pieces.
You spent 2228 gold pieces at shops.

Inventory:

Jewellery
 j - the ring "Qypawyzo" {+Fly rPois rN+ Str-3 Int+8}
   (You bought it in a shop in the Dungeon)

   [ring of positive energy]

   It affects your strength (-3).
   It affects your intelligence (+8).
   It protects you from poison.
   It protects you from negative energy.
   It lets you fly.
 l - a ring of flight (right paw)
 m - a ring of protection from fire (left paw)
 n - an uncursed ring of stealth
 o - an uncursed ring of resist corrosion
Wands
 a - a wand of confusion (17/48)
 g - a wand of disintegration (11/24)
Scrolls
 d - a scroll of remove curse {unknown}
Potions
 b - 10 potions of curing
 c - 2 potions of heal wounds
 e - 4 potions of magic
 f - 2 potions of berserk rage
 h - 2 potions of lignification
 i - 3 potions of flight
 k - a potion of might
 q - a potion of agility
 s - a potion of cancellation
 t - a potion of degeneration
 u - a potion of brilliance
Books
 r - Nier Vus's Tome of Mutagenic Ice
   (You bought it in a shop in the Dungeon)

   Spells                             Type                      Level
   a - Freeze                         Ice                          1
   b - Passwall                       Transmutation/Earth          2
   c - Spider Form                    Transmutation/Poison         3
   d - Petrify                        Transmutation/Earth          4
   e - Irradiate                      Conjuration/Transmutation    5
   f - Yara's Violent Unravelling     Hexes/Transmutation          5
   Trog disapproves of the use of such an item.


   Skills:
 + Level 13.5 Fighting
 + Level 16.8 Dodging
 O Level 27 Stealth
 * Level 17.2 Unarmed Combat


You had 9 spell levels left.
You knew the following spells:

 Your Spells              Type           Power        Failure   Level  Hunger
a - Passwall              Tmut/Erth      #.........   45%         2    ###....


Dungeon Overview and Level Annotations

Branches:
Dungeon (1/1)

Altars:
Cheibriados
Dithmenos
Elyvilon
Fedhas
Gozag
Hepliaklqana
Kikubaaqudgha
Makhleb
Nemelex Xobeh
Okawaru
Qazlal
Ru
Sif Muna
Trog
Uskayaw
Vehumet
Xom
Yredelemnul
Zin
The Shining One
Jiyva
Lugonu

Shops:
D !:%(**}(%=%:((*(=![[[(

Annotations:
D Tiamat


Innate Abilities, Weirdness & Mutations

You cannot wear armour.
You are incapable of wielding weapons or throwing items.
Your paws allow you to move quietly. (Stealth)
You have sharp claws.
You have razor-sharp teeth.
You have supernaturally acute eyesight. (SInv)
You are carnivorous and can eat meat at any time.
You cover ground quickly.
Your thick and shaggy fur keeps you warm. (AC +3, rC+)
You have a slow metabolism.
Your sharp claws are effective at attacking unaware monsters.
You are agile. (Dex +2)
Your mind is acute. (Int +2)
Your magical capacity is low. (-10% MP)
You evolve.


Message History

There is an open door, spattered with blood here.
There is an open door here.
There is an open door here.
There is an open door here.
There is an open door here.
Your extra speed is starting to run out.
There is an open door here.
There is an open door here.
Things that are here:
a scythe; a robe
There is an open door here.
You feel yourself slow down.
You see here a giant club.
There is an open door here.
There is an open door here.
There is a staircase leading out of the dungeon here.
Are you sure you want to leave the Dungeon?
This will make you lose the game!
Alright, then stay!
Are you sure you want to leave the Dungeon?
This will make you lose the game!
You have escaped!

##################
#@.#..'..#.)'..#__
#..').#.)'..#..'..
#..#####+#####'#__
#..####..#...#.###
#..#__####..##§#≈§
#..#_____##'#.§'≈≈
#⌠⌠#_.∩...'.)._#§≈
####_..__##_.#'##§
#_____###'#.#§§


There were no monsters in sight!

Vanquished Creatures
  A golden dragon (D)
  A shadow dragon (D)
  4 fire giants (D)
  A lorocyproca (D)
  A hydra (D)
  2 centaur warriors (D)
  Sonja (D)
  7 unseen horrors (D)
  A deep troll (D)
  A lindwurm (D)
  An oklob plant (D)
  A gargoyle (D)
  2 kobold demonologists (D)
  2 demonic crawlers (D)
  A hornet (D)
  A slime creature (D)
  Sigmund (D)
  2 redbacks (D)
  A yak (D)
  13 hogs (D)
  3 floating eyes (D)
  An ogre (D)
  7 necrophages (D)
  8 jellies (D)
  Ijyb (D)
  A ballistomycete (D)
66 creatures vanquished.

Vanquished Creatures (collateral kills)
  8 shining eyes (D)
  2 demonic crawlers (D)
  4 floating eyes (D)
  3 ballistomycetes (D)
  A ballistomycete spore (D)
18 creatures vanquished.

Vanquished Creatures (others)
  A gargoyle (D)
  A ballistomycete spore (D)
2 creatures vanquished.

Grand Total: 86 creatures vanquished

Notes
Turn   | Place    | Note
-------+----------+-------------------------------------------
     0 | D        | Groucho the Felid Berserker began the quest for the Orb.
     0 | D        | Reached XP level 1. HP: 10/10 MP: 2/2
     2 | D        | Noticed Ijyb
    10 | D        | Killed Ijyb
    10 | D        | Reached skill level 8 in Stealth
    10 | D        | Reached XP level 2. HP: 13/14 MP: 3/3
   225 | D        | Noticed an ogre
   231 | D        | Killed an ogre
   231 | D        | Reached skill level 12 in Stealth
   231 | D        | Reached XP level 3. HP: 17/17 MP: 4/4
   231 | D        | Reached XP level 4. HP: 21/21 MP: 5/5
   243 | D        | Killed a gargoyle
   280 | D        | Noticed Sigmund
   282 | D        | Killed Sigmund
   282 | D        | Reached ** piety under Trog
   282 | D        | Reached skill level 16 in Stealth
   282 | D        | Reached XP level 5. HP: 24/24 MP: 6/6
   282 | D        | Gained mutation: You are covered in thick fur. (AC +2) [Felid growth]
   282 | D        | Reached XP level 6. HP: 28/28 MP: 7/7
   641 | D        | Found a deep blue altar of Sif Muna.
   643 | D        | Found a radiant altar of Vehumet.
   667 | D        | Found Cetoz's Antique Weapon Emporium.
   667 | D        | Found an ancient bone altar of Kikubaaqudgha.
   667 | D        | Found a hazy altar of Hepliaklqana.
   667 | D        | Found a stormy altar of Qazlal.
   667 | D        | Found a hide-covered altar of Uskayaw.
   667 | D        | Found a blossoming altar of Fedhas.
   667 | D        | Found a bloodstained altar of Trog.
   667 | D        | Found an iron altar of Okawaru.
   667 | D        | Found a basalt altar of Yredelemnul.
   667 | D        | Found a glowing golden altar of the Shining One.
   667 | D        | Found a snail-covered altar of Cheibriados.
   667 | D        | Found a sacrificial altar of Ru.
   667 | D        | Found a glowing silver altar of Zin.
   667 | D        | Found a shadowy altar of Dithmenos.
   667 | D        | Found a white marble altar of Elyvilon.
   667 | D        | Noticed a yak
   668 | D        | Found an opulent altar of Gozag.
   669 | D        | Killed a yak
   669 | D        | Reached skill level 18 in Stealth
   670 | D        | Found a sparkling altar of Nemelex Xobeh.
   703 | D        | Found a burning altar of Makhleb.
   703 | D        | Found a viscous altar of Jiyva.
   703 | D        | Found a shimmering altar of Xom.
   703 | D        | Found a corrupted altar of Lugonu.
   703 | D        | Noticed a slime creature
   707 | D        | Killed a slime creature
   707 | D        | Reached skill level 19 in Stealth
   707 | D        | Reached XP level 7. HP: 31/31 MP: 8/8
   734 | D        | Noticed a centaur warrior
   734 | D        | Noticed a centaur warrior
   735 | D        | Killed a centaur warrior
   735 | D        | Reached *** piety under Trog
   735 | D        | Reached skill level 22 in Stealth
   735 | D        | Reached XP level 8. HP: 34/34 MP: 9/9
   737 | D        | Killed a centaur warrior
   737 | D        | Reached skill level 24 in Stealth
   744 | D        | Noticed a hornet
   747 | D        | Killed a hornet
   747 | D        | Reached XP level 9. HP: 37/37 MP: 10/10
   758 | D        | Noticed an oklob plant
   760 | D        | Killed an oklob plant
   760 | D        | Reached skill level 25 in Stealth
   767 | D        | Reached **** piety under Trog
   770 | D        | Reached skill level 5 in Dodging
   790 | D        | Noticed an unseen horror
   790 | D        | Noticed an unseen horror
   795 | D        | Killed an unseen horror
   795 | D        | Reached skill level 5 in Unarmed Combat
   797 | D        | Killed an unseen horror
   797 | D        | Reached skill level 5 in Fighting
   797 | D        | Reached skill level 26 in Stealth
   801 | D        | Reached ***** piety under Trog
   801 | D        | Reached XP level 10. HP: 44/44 MP: 11/11
  1068 | D        | Reached ****** piety under Trog
  1100 | D        | Found Veasinomul's Weapon Shoppe.
  1100 | D        | Found Jidis's Gadget Shop.
  1100 | D        | Found Exkeufun's Food Boutique.
  1102 | D        | Found Seabbef's Jewellery Emporium.
  1102 | D        | Found Kimicwu's Food Shop.
  1102 | D        | Found Jaeczar's Book Shoppe.
  1102 | D        | Found Sutriaf's Antique Weapon Boutique.
  1102 | D        | Found Bicoluin's Weapon Emporium.
  1102 | D        | Found Xetarch's General Store.
  1102 | D        | Found Ulloahee's Antique Weapon Shoppe.
  1106 | D        | Found Qurumyurch's Jewellery Boutique.
  1107 | D        | Found Wuci's Antique Armour Emporium.
  1107 | D        | Found Wexkim's Distillery.
  1108 | D        | Found Ojizeiha's Armour Emporium.
  1164 | D        | Noticed a deep troll
  1166 | D        | Killed a deep troll
  1178 | D        | Found Iruwaf's Armour Emporium.
  1189 | D        | Noticed Sonja
  1192 | D        | Killed Sonja
  1192 | D        | Reached skill level 27 in Stealth
  1206 | D        | Found Guqeebru's Distillery.
  1242 | D        | HP: 1/47 [deep troll[the player character] (21)]
  1682 | D        | Paralysed by a floating eye for 2 turns
  1708 | D        | Noticed a rust devil
  1880 | D        | Gained mutation: You are weak. (Str -2) [a neqoxec]
  2167 | D        | Reached skill level 10 in Dodging
  2582 | D        | Bought the ring "Qypawyzo" {+Fly rPois rN+ Str-3 Int+8} for 481 gold pieces
  2590 | D        | Bought an uncursed ring of flight for 245 gold pieces
  2590 | D        | Bought an uncursed ring of protection from fire for 350 gold pieces
  2599 | D        | Bought an uncursed ring of stealth for 192 gold pieces
  2642 | D        | Noticed a gargoyle
  2646 | D        | Killed a gargoyle
  2650 | D        | Noticed a lorocyproca
  2661 | D        | Demolished by a lorocyproca
  2662 | D        | Reached XP level 9. HP: -15/45 MP: 0/10
  2670 | D        | Killed a lorocyproca
  2670 | D        | Reached skill level 10 in Unarmed Combat
  2670 | D        | Reached XP level 10. HP: 49/49 MP: 1/11
  3219 | D        | Noticed a lindwurm
  3222 | D        | Killed a lindwurm
  3337 | D        | Noticed a 12-headed hydra
  3339 | D        | Killed a 12-headed hydra
  3339 | D        | Reached skill level 10 in Fighting
  3414 | D        | Noticed a shadow dragon
  3414 | D        | Noticed a golden dragon
  3417 | D        | Killed a shadow dragon
  3417 | D        | Reached XP level 11. HP: 55/55 MP: 12/12
  3419 | D        | Killed a golden dragon
  3488 | D        | Found Gusibod's Antique Weapon Shoppe.
  3555 | D        | Noticed a daeva
  3559 | D        | Noticed an unseen horror
  3559 | D        | Noticed an unseen horror
  3559 | D        | Noticed an unseen horror
  3559 | D        | Noticed an unseen horror
  3561 | D        | Killed an unseen horror
  3562 | D        | Noticed an unseen horror
  3563 | D        | Killed an unseen horror
  3564 | D        | Killed an unseen horror
  3564 | D        | Reached skill level 15 in Unarmed Combat
  3566 | D        | Killed an unseen horror
  3566 | D        | Reached skill level 15 in Dodging
  3571 | D        | Killed an unseen horror
  3849 | D        | Noticed a fire giant
  3852 | D        | Noticed a fire giant
  3853 | D        | Noticed a fire giant
  3854 | D        | Noticed a fire giant
  3856 | D        | Killed a fire giant
  3856 | D        | Gained mutation: Your thick and shaggy fur keeps you warm. (AC +3, rC+) [Felid growth]
  3856 | D        | Reached XP level 12. HP: 61/61 MP: 13/13
  3860 | D        | Killed a fire giant
  3862 | D        | Killed a fire giant
  3864 | D        | Killed a fire giant
  3893 | D        | Noticed Tiamat
  3975 | D        | Paralysed by a floating eye for 3 turns
  3990 | D        | Found Peesot's General Store.
  3990 | D        | Found Coacuel's Book Shoppe.
  3990 | D        | Found Tacsel's Assorted Antiques.
  3990 | D        | Found Tik Ekokak's Food Emporium.
  4060 | D        | Bought Nier Vus's Tome of Mutagenic Ice for 540 gold pieces
  4092 | D        | Lost mutation: You are weak. (Str -2) [potion of mutation]
  4092 | D        | Gained mutation: You are agile. (Dex +2) [potion of mutation]
  4092 | D        | Gained mutation: Your magical capacity is low. (-10% MP) [potion of mutation]
  4092 | D        | Gained mutation: You evolve. [potion of mutation]
  4092 | D        | Gained mutation: Your mind is acute. (Int +2) [potion of mutation]
  4125 | D        | Bought a potion of flight for 30 gold pieces
  4125 | D        | Bought 2 potions of flight for 60 gold pieces
  4125 | D        | Bought a potion of haste for 100 gold pieces
  4125 | D        | Bought a potion of berserk rage for 50 gold pieces
  4125 | D        | Bought a potion of heal wounds for 50 gold pieces
  4125 | D        | Bought a potion of cancellation for 80 gold pieces
  4125 | D        | Bought a potion of degeneration for 10 gold pieces
  4125 | D        | Bought a potion of brilliance for 40 gold pieces
  4221 | D        | Was placed under penance by Trog
  4224 | D        | Learned a level 2 spell: Passwall
  4302 | D        | Got out of the dungeon alive.

Skill      XL: |  1  2  3  4  5  6  7  8  9 10 11 12 |
---------------+-------------------------------------+-----
Stealth        | 8 12 16 19 22 24 26 27 | 27.0
Unarmed Combat | 10 13 15 17 | 17.2
Fighting       | 5 10 12 13 | 13.5
Dodging        | 11 13 15 16 | 16.8

Action                   |  1- 3 |  4- 6 |  7- 9 | 10-12 || total
-------------------------+-------+-------+-------+-------++-------
Melee: Unarmed           |    11 |     4 |    14 |   147 ||   176
       Bite              |     1 |       |     1 |    19 ||    21
       Punch             |       |       |     2 |     6 ||     8
Invok: Berserk           |     2 |       |     1 |     6 ||     9
       Brothers in Arms  |       |       |       |    11 ||    11
       Trog's Hand       |       |       |       |     1 ||     1
Evoke: Wand              |       |       |       |     1 ||     1
  Use: Scroll            |       |       |     1 |     3 ||     4
       Potion            |       |       |       |     6 ||     6
 Stab: Sleeping          |     1 |     4 |     9 |    23 ||    37
  Eat: Meat ration       |       |       |     1 |     1 ||     2
       Chunk             |       |       |       |     9 ||     9
Armor: Skin              |       |       |       |     2 ||     2
Dodge: Dodged            |     5 |       |     4 |   137 ||   146
